[ AOE2 MATCH · #463019074 ]
UnrankedPersians vs Burgundians
[ REPLAY ANALYSIS · EXTRACTED FROM THE RECORDED GAME ]
Feudal
14:35
Castle
21:14
Imperial
—
| APM avg | 23.1 |
| APM peak | 46 |
| eAPM avg | 9.2 |
| Villagers / military | 34 / 12 |
Focus
⚔️ 22.7% · 🌾 77.3%
Knight ×6 · Camel Scout ×3 · Militia ×2 · Mangonel ×1
Feudal
13:52
Castle
—
Imperial
—
| APM avg | 24.1 |
| APM peak | 59 |
| eAPM avg | 11.8 |
| Villagers / military | 40 / 24 |
Focus
⚔️ 22.8% · 🌾 77.2%
Archer ×19 · Spearman ×5
Feudal
13:35
Castle
—
Imperial
—
| APM avg | 28.6 |
| APM peak | 70 |
| eAPM avg | 12.7 |
| Villagers / military | 56 / 27 |
Focus
⚔️ 19.2% · 🌾 80.8%
Scout Cavalry ×27
Feudal
14:08
Castle
21:49
Imperial
—
| APM avg | 31.0 |
| APM peak | 57 |
| eAPM avg | 17.8 |
| Villagers / military | 59 / 22 |
Focus
⚔️ 18.3% · 🌾 81.7%
Camel Scout ×10 · Steppe Lancer ×9 · Knight ×3
Feudal
13:18
Castle
17:00
Imperial
—
| APM avg | 39.9 |
| APM peak | 76 |
| eAPM avg | 17.0 |
| Villagers / military | 47 / 39 |
Focus
⚔️ 35.6% · 🌾 64.4%
Archer ×33 · Mangonel ×3 · Spearman ×3 · Unknown (2582) ×2
Feudal
13:43
Castle
24:46
Imperial
—
| APM avg | 40.8 |
| APM peak | 76 |
| eAPM avg | 18.5 |
| Villagers / military | 36 / 0 |
Focus
⚔️ 25.9% · 🌾 74.1%
Unknown (2550) ×60
Match map
Initial resources + every placement click. Lines = walls · curves = elevation contours. ◆ gold · ⬟ stone · ● berries · ✦ relic · ◌ wall gap
Your base· Open — unwalled flank
PJtheDcoy's base· Open — unwalled flank
K-1000's base· Open — unwalled flank
Predator's base· Open — 15t gap
Quando's base· Open — 10t gap
facuescudero2375's base· Open — 15t gap
Smoothed initial terrain · ◌ = detected wall gap · hover for details
Inputs per minute
— Fr4ggi - - PJtheDcoy
Build order — Fr4ggi
90 actions detected in the replay
| 0:28 | Build | Town Center |
| 2:25 | Build | House |
| 2:33 | Queue | Villager (Male) |
| 3:03 | Queue | Villager (Male) |
| 3:29 | Queue | Villager (Male) |
| 3:40 | Queue | Villager (Male) |
| 4:22 | Queue | Villager (Male) |
| 4:22 | Queue | Villager (Male) |
| 4:54 | Build | House |
| 6:14 | Queue | Villager (Male) |
| 6:14 | Queue | Villager (Male) |
| 6:38 | Queue | Villager (Male) |
| 6:38 | Queue | Villager (Male) |
| 7:40 | Build | House |
| 8:06 | Queue | Villager (Male) |
| 8:06 | Queue | Villager (Male) |
| 8:39 | Queue | Villager (Male) |
| 9:18 | Queue | Villager (Male) |
| 9:18 | Queue | Villager (Male) |
| 9:18 | Queue | Villager (Male) |
| 9:29 | Build | Mill |
| 9:46 | Build | House |
| 9:50 | Queue | Villager (Male) |
| 10:01 | Queue | Villager (Male) |
| 10:10 | Build | Barracks |
| 10:44 | Queue | Villager (Male) |
| 10:44 | Queue | Villager (Male) |
| 10:53 | Build | Farm |
| 10:54 | Build | Farm |
| 10:54 | Build | Farm |
| 11:11 | Queue | Villager (Male) |
| 11:11 | Queue | Villager (Male) |
| 11:39 | Build | Mining Camp |
| 12:10 | Build | House |
| 12:25 | Build | Farm |
| 12:28 | Build | Farm |
| 12:30 | Research | Feudal Age |
| 13:00 | Build | Lumber Camp |
| 13:22 | Queue | Militia |
| 13:22 | Queue | Militia |
| 13:56 | Queue | Villager (Male) |
| 14:05 | Build | Farm |
| 14:30 | Build | Farm |
| 14:35 | Age | Feudal Age |
| 14:56 | Build | Blacksmith |
| 15:36 | Build | Stable |
| 15:45 | Build | Farm |
| 16:14 | Queue | Villager (Male) |
| 16:32 | Build | Farm |
| 16:36 | Queue | Villager (Male) |
| 16:54 | Build | Farm |
| 16:59 | Build | Farm |
| 17:01 | Queue | Villager (Male) |
| 17:18 | Build | House |
| 17:35 | Queue | Villager (Male) |
| 17:40 | Build | Farm |
| 17:43 | Build | Farm |
| 17:46 | Queue | Villager (Male) |
| 18:04 | Build | Farm |
| 18:08 | Queue | Villager (Male) |
| 18:26 | Build | Farm |
| 18:44 | Build | House |
| 18:49 | Research | Castle Age |
| 19:07 | Build | Farm |
| 19:13 | Research | Horse Collar |
| 19:37 | Research | Scale Barding Armor |
| 19:52 | Queue | Villager (Male) |
| 20:17 | Research | Bloodlines |
| 20:27 | Research | Loom |
| 20:42 | Build | Farm |
| 20:51 | Research | Forging |
| 21:14 | Age | Castle Age |
| 21:16 | Queue | Knight |
| 21:31 | Build | Siege Workshop |
| 21:34 | Queue | Villager (Male) |
| 21:43 | Queue | Knight |
| 21:53 | Queue | Knight |
| 22:02 | Build | Farm |
| 22:04 | Queue | Villager (Male) |
| 22:19 | Queue | Mangonel |
| 22:35 | Queue | Villager (Male) |
| 23:01 | Queue | Villager (Male) |
| 23:05 | Queue | Knight |
| 23:11 | Build | House |
| 24:26 | Queue | Knight |
| 24:27 | Queue | Knight |
| 24:33 | Queue | Camel Scout |
| 25:03 | Build | Stable |
| 25:48 | Queue | Camel Scout |
| 25:49 | Queue | Camel Scout |
Build order — PJtheDcoy
124 actions detected in the replay
| 0:28 | Build | Town Center |
| 2:14 | Build | House |
| 2:47 | Queue | Villager (Male) |
| 2:47 | Queue | Villager (Male) |
| 2:48 | Queue | Villager (Male) |
| 2:48 | Queue | Villager (Male) |
| 2:59 | Build | House |
| 4:21 | Queue | Villager (Male) |
| 4:55 | Queue | Villager (Male) |
| 5:26 | Queue | Villager (Male) |
| 5:49 | Queue | Villager (Male) |
| 5:52 | Queue | Villager (Male) |
| 6:27 | Queue | Villager (Male) |
| 6:58 | Build | House |
| 7:01 | Queue | Villager (Male) |
| 7:33 | Queue | Villager (Male) |
| 7:42 | Research | Loom |
| 7:43 | Queue | Villager (Male) |
| 7:43 | Queue | Villager (Male) |
| 8:56 | Queue | Villager (Male) |
| 8:57 | Queue | Villager (Male) |
| 8:59 | Queue | Villager (Male) |
| 8:59 | Queue | Villager (Male) |
| 9:57 | Build | Lumber Camp |
| 10:15 | Build | House |
| 10:37 | Queue | Villager (Male) |
| 10:42 | Build | House |
| 10:59 | Build | Mill |
| 11:11 | Build | Mining Camp |
| 11:17 | Build | Barracks |
| 11:23 | Build | Palisade Gate |
| 11:24 | Build | Palisade Wall |
| 11:42 | Research | Feudal Age |
| 12:45 | Build | Mining Camp |
| 12:56 | Build | Palisade Gate |
| 12:57 | Build | House |
| 13:35 | Queue | Villager (Male) |
| 13:35 | Queue | Villager (Male) |
| 13:52 | Age | Feudal Age |
| 13:56 | Queue | Villager (Male) |
| 14:04 | Build | Archery Range |
| 14:22 | Build | Blacksmith |
| 14:25 | Build | House |
| 14:41 | Build | Outpost |
| 14:45 | Queue | Villager (Male) |
| 14:46 | Queue | Villager (Male) |
| 14:48 | Research | Double-Bit Axe |
| 15:10 | Queue | Archer |
| 15:11 | Queue | Archer |
| 15:59 | Research | Horse Collar |
| 16:01 | Build | Farm |
| 16:03 | Queue | Villager (Male) |
| 16:03 | Queue | Villager (Male) |
| 16:05 | Build | Farm |
| 16:07 | Build | Farm |
| 16:12 | Queue | Archer |
| 16:29 | Queue | Spearman |
| 16:44 | Queue | Archer |
| 17:18 | Queue | Spearman |
| 17:19 | Queue | Spearman |
| 17:21 | Queue | Archer |
| 17:33 | Queue | Villager (Male) |
| 17:33 | Queue | Villager (Male) |
| 17:39 | Research | Fletching |
| 18:13 | Queue | Archer |
| 18:13 | Queue | Archer |
| 18:39 | Build | Farm |
| 18:40 | Build | Farm |
| 18:42 | Queue | Villager (Male) |
| 18:42 | Queue | Villager (Male) |
| 18:51 | Queue | Archer |
| 18:54 | Queue | Spearman |
| 18:54 | Queue | Spearman |
| 20:07 | Queue | Archer |
| 20:07 | Queue | Archer |
| 20:43 | Queue | Archer |
| 20:44 | Queue | Archer |
| 21:15 | Build | Farm |
| 21:26 | Build | Farm |
| 21:27 | Queue | Archer |
| 21:32 | Queue | Villager (Male) |
| 21:32 | Queue | Villager (Male) |
| 22:09 | Queue | Villager (Male) |
| 22:22 | Build | Archery Range |
| 22:30 | Build | House |
| 22:31 | Build | House |
| 22:44 | Queue | Villager (Male) |
| 22:44 | Queue | Villager (Male) |
| 22:50 | Build | Farm |
| 22:50 | Build | Farm |
| 22:51 | Build | Farm |
| 22:51 | Build | Farm |
| 22:52 | Build | Farm |
| 22:53 | Build | Farm |
| 22:54 | Build | Farm |
| 22:55 | Build | Farm |
| 23:00 | Queue | Villager (Male) |
| 23:05 | Research | Wheelbarrow |
| 23:12 | Queue | Archer |
| 23:12 | Queue | Archer |
| 23:41 | Queue | Archer |
| 23:41 | Queue | Archer |
| 23:47 | Research | Padded Archer Armor |
| 24:08 | Build | Palisade Gate |
| 24:10 | Build | House |
| 24:12 | Build | House |
| 24:30 | Queue | Archer |
| 24:31 | Queue | Archer |
| 25:39 | Queue | Villager (Male) |
| 25:39 | Queue | Villager (Male) |
| 25:42 | Build | Farm |
| 25:44 | Build | Farm |
| 26:14 | Build | House |
| 26:15 | Build | House |
| 26:20 | Build | House |
| 26:21 | Build | House |
| 26:30 | Queue | Villager (Male) |
| 26:31 | Queue | Villager (Male) |
| 27:17 | Research | Castle Age |
| 27:22 | Build | Mining Camp |
| 28:03 | Research | Gold Mining |
| 28:03 | Research | Stone Mining |
| 28:11 | Build | Stable |
| 28:15 | Build | Stable |
Build order — K-1000
144 actions detected in the replay
| 0:19 | Build | Town Center |
| 2:27 | Queue | Villager (Male) ×4 |
| 2:33 | Research | Loom |
| 2:34 | Queue | Villager (Male) |
| 2:37 | Build | House |
| 2:38 | Build | House |
| 3:10 | Queue | Villager (Male) |
| 3:10 | Queue | Villager (Male) |
| 4:22 | Queue | Villager (Male) |
| 4:43 | Queue | Villager (Male) |
| 4:43 | Queue | Villager (Male) |
| 5:13 | Queue | Villager (Male) |
| 5:13 | Queue | Villager (Male) |
| 5:53 | Build | House |
| 5:54 | Build | House |
| 6:01 | Queue | Villager (Male) |
| 6:29 | Queue | Villager (Male) |
| 6:49 | Queue | Villager (Male) |
| 7:11 | Queue | Villager (Male) |
| 7:32 | Queue | Villager (Male) |
| 7:56 | Build | Lumber Camp |
| 7:58 | Queue | Villager (Male) |
| 8:21 | Queue | Villager (Male) |
| 9:05 | Build | House |
| 9:08 | Queue | Villager (Male) |
| 9:21 | Queue | Villager (Male) |
| 9:28 | Build | House |
| 9:43 | Build | Barracks |
| 9:49 | Queue | Villager (Male) |
| 10:25 | Queue | Villager (Male) |
| 10:33 | Build | House |
| 10:54 | Queue | Villager (Male) |
| 11:25 | Research | Feudal Age |
| 11:25 | Research | Feudal Age |
| 11:28 | Build | House |
| 11:48 | Build | Palisade Wall |
| 11:49 | Build | Palisade Wall |
| 11:52 | Build | Palisade Wall |
| 12:05 | Build | Mill |
| 12:15 | Research | Double-Bit Axe |
| 13:07 | Build | Palisade Wall |
| 13:11 | Build | Palisade Wall |
| 13:11 | Build | Palisade Wall |
| 13:13 | Build | Palisade Wall |
| 13:19 | Queue | Villager (Male) ×5 |
| 13:35 | Age | Feudal Age |
| 13:38 | Build | Stable |
| 13:41 | Build | Stable |
| 14:24 | Queue | Scout Cavalry |
| 14:34 | Build | Blacksmith |
| 14:56 | Queue | Scout Cavalry |
| 15:06 | Queue | Scout Cavalry |
| 15:18 | Queue | Villager (Male) |
| 15:27 | Build | Palisade Wall |
| 15:35 | Research | Horse Collar |
| 15:51 | Queue | Scout Cavalry ×5 |
| 15:52 | Queue | Villager (Male) |
| 16:37 | Queue | Villager (Male) |
| 16:42 | Build | House |
| 16:43 | Build | House |
| 16:49 | Build | Farm |
| 16:50 | Build | Farm |
| 16:50 | Build | Farm |
| 16:50 | Build | Farm |
| 16:51 | Build | Farm |
| 16:52 | Build | Farm |
| 16:52 | Build | Farm |
| 16:52 | Build | Farm |
| 16:52 | Build | Farm |
| 16:53 | Build | Farm |
| 16:55 | Queue | Villager (Male) |
| 17:08 | Queue | Scout Cavalry |
| 17:14 | Build | Farm |
| 17:32 | Build | Farm |
| 17:38 | Build | Farm |
| 17:40 | Build | Farm |
| 17:41 | Build | Farm |
| 17:41 | Build | Farm |
| 18:11 | Queue | Villager (Male) |
| 18:12 | Queue | Villager (Male) |
| 18:24 | Queue | Scout Cavalry |
| 18:30 | Build | Farm |
| 18:34 | Build | Farm |
| 18:37 | Queue | Scout Cavalry |
| 18:52 | Queue | Scout Cavalry |
| 18:59 | Build | Farm |
| 19:03 | Build | Farm |
| 19:20 | Build | Farm |
| 19:20 | Build | Farm |
| 19:20 | Build | Farm |
| 19:21 | Build | Farm |
| 19:22 | Queue | Scout Cavalry |
| 19:24 | Queue | Villager (Male) |
| 19:41 | Queue | Villager (Male) |
| 19:51 | Queue | Scout Cavalry |
| 20:14 | Queue | Scout Cavalry |
| 20:20 | Queue | Villager (Male) |
| 20:49 | Queue | Scout Cavalry |
| 20:50 | Queue | Villager (Male) |
| 21:05 | Build | House |
| 21:06 | Build | House |
| 21:13 | Queue | Scout Cavalry |
| 21:36 | Build | House |
| 21:47 | Queue | Villager (Male) |
| 21:51 | Queue | Villager (Male) |
| 22:02 | Build | Watch Tower |
| 22:09 | Queue | Villager (Male) |
| 22:21 | Queue | Villager (Male) |
| 22:54 | Queue | Scout Cavalry ×2 |
| 23:20 | Build | Mill |
| 23:20 | Build | Farm |
| 23:21 | Build | Farm |
| 23:21 | Build | Farm |
| 23:24 | Queue | Scout Cavalry |
| 23:41 | Queue | Villager (Male) |
| 23:41 | Queue | Villager (Male) |
| 23:59 | Build | Lumber Camp |
| 24:12 | Build | Mining Camp |
| 24:20 | Build | House |
| 24:21 | Build | House |
| 24:23 | Build | House |
| 24:28 | Queue | Villager (Male) |
| 24:33 | Build | Mill |
| 24:44 | Queue | Villager (Male) |
| 25:00 | Queue | Villager (Male) |
| 25:10 | Build | House |
| 25:26 | Queue | Villager (Male) |
| 25:36 | Queue | Scout Cavalry ×3 |
| 26:30 | Build | Mill |
| 26:31 | Build | Farm |
| 26:31 | Build | Farm |
| 26:31 | Build | Farm |
| 26:31 | Build | Farm |
| 26:34 | Queue | Villager (Male) |
| 26:48 | Queue | Villager (Male) |
| 26:59 | Build | Lumber Camp |
| 27:09 | Queue | Villager (Male) |
| 27:18 | Queue | Scout Cavalry ×2 |
| 27:23 | Queue | Villager (Male) |
| 27:56 | Queue | Scout Cavalry ×2 |
| 27:59 | Queue | Villager (Male) |
| 28:04 | Build | Market |
| 28:13 | Queue | Villager (Male) |
| 28:43 | Queue | Villager (Male) |
Build order — Predator
143 actions detected in the replay
| 2:08 | Build | Town Center |
| 4:07 | Queue | Villager (Male) |
| 4:08 | Queue | Villager (Male) |
| 4:25 | Queue | Villager (Male) |
| 4:25 | Queue | Villager (Male) |
| 4:26 | Queue | Villager (Male) |
| 4:38 | Build | House |
| 4:44 | Research | Loom |
| 4:44 | Queue | Villager (Male) |
| 4:44 | Queue | Villager (Male) |
| 4:45 | Queue | Villager (Male) |
| 5:27 | Queue | Villager (Male) |
| 5:27 | Queue | Villager (Male) |
| 5:28 | Queue | Villager (Male) |
| 5:28 | Queue | Villager (Male) |
| 6:28 | Queue | Villager (Male) |
| 6:28 | Queue | Villager (Male) |
| 6:43 | Build | Lumber Camp |
| 6:44 | Queue | Villager (Male) |
| 6:44 | Queue | Villager (Male) |
| 7:31 | Build | House |
| 7:38 | Queue | Villager (Male) |
| 7:38 | Queue | Villager (Male) |
| 7:39 | Queue | Villager (Male) |
| 7:41 | Build | House |
| 7:42 | Build | House |
| 7:51 | Queue | Villager (Male) |
| 8:20 | Build | House |
| 8:31 | Queue | Villager (Male) |
| 8:32 | Queue | Villager (Male) |
| 8:32 | Queue | Villager (Male) |
| 8:50 | Queue | Villager (Male) |
| 9:25 | Queue | Villager (Male) |
| 9:50 | Queue | Villager (Male) |
| 9:50 | Queue | Villager (Male) |
| 9:56 | Build | House |
| 10:21 | Build | Barracks |
| 10:26 | Build | Mill |
| 10:28 | Queue | Villager (Male) |
| 10:28 | Queue | Villager (Male) |
| 10:55 | Build | House |
| 11:04 | Build | House |
| 11:30 | Build | House |
| 11:58 | Research | Feudal Age |
| 12:04 | Build | Mining Camp |
| 12:09 | Build | House |
| 12:35 | Build | House |
| 12:44 | Queue | Villager (Male) |
| 13:13 | Build | House |
| 13:32 | Queue | Villager (Male) |
| 13:43 | Queue | Villager (Male) |
| 14:08 | Age | Feudal Age |
| 14:43 | Queue | Villager (Male) |
| 14:43 | Queue | Villager (Male) |
| 14:58 | Research | Double-Bit Axe |
| 15:02 | Queue | Villager (Male) |
| 15:44 | Queue | Villager (Male) |
| 15:48 | Queue | Villager (Male) |
| 15:58 | Research | Town Watch |
| 16:21 | Build | Barracks |
| 16:26 | Build | House |
| 16:28 | Build | Palisade Wall |
| 16:47 | Research | Horse Collar |
| 16:49 | Queue | Villager (Male) |
| 17:30 | Build | Market |
| 17:31 | Queue | Villager (Male) |
| 17:38 | Queue | Villager (Male) |
| 18:11 | Build | Blacksmith |
| 18:35 | Build | Farm |
| 18:39 | Build | Farm |
| 18:51 | Research | Castle Age |
| 18:58 | Build | Lumber Camp |
| 19:29 | Queue | Villager (Male) |
| 19:51 | Build | Stable |
| 20:04 | Build | House |
| 20:14 | Build | House |
| 20:23 | Research | Scale Barding Armor |
| 20:30 | Build | Farm |
| 20:48 | Research | Bloodlines |
| 21:02 | Build | Farm |
| 21:06 | Build | Farm |
| 21:32 | Build | Farm |
| 21:36 | Build | Farm |
| 21:38 | Queue | Villager (Male) |
| 21:49 | Age | Castle Age |
| 21:52 | Queue | Steppe Lancer |
| 21:53 | Queue | Steppe Lancer |
| 21:56 | Queue | Knight |
| 22:07 | Build | Farm |
| 22:13 | Build | Farm |
| 22:16 | Build | Farm |
| 22:24 | Queue | Camel Scout |
| 22:30 | Queue | Camel Scout |
| 22:37 | Queue | Knight |
| 23:03 | Queue | Villager (Male) |
| 23:09 | Build | Town Center |
| 23:18 | Build | House |
| 23:24 | Queue | Camel Scout |
| 24:00 | Queue | Camel Scout |
| 24:02 | Research | Forging |
| 24:24 | Queue | Steppe Lancer |
| 24:37 | Queue | Villager (Male) |
| 24:40 | Queue | Knight |
| 25:01 | Queue | Villager (Male) |
| 25:02 | Queue | Villager (Male) |
| 25:02 | Queue | Villager (Male) |
| 25:04 | Build | Farm |
| 25:06 | Build | Farm |
| 25:07 | Build | Farm |
| 25:08 | Build | Farm |
| 25:09 | Queue | Villager (Male) |
| 25:10 | Queue | Villager (Male) |
| 25:40 | Queue | Camel Scout |
| 25:40 | Queue | Camel Scout |
| 25:50 | Queue | Villager (Male) |
| 25:51 | Queue | Villager (Male) |
| 25:55 | Build | Farm |
| 25:56 | Build | Farm |
| 26:02 | Queue | Camel Scout |
| 26:11 | Queue | Camel Scout |
| 26:19 | Build | Farm |
| 26:20 | Build | Farm |
| 26:26 | Build | Mining Camp |
| 26:31 | Queue | Camel Scout |
| 26:41 | Queue | Villager (Male) |
| 26:41 | Queue | Villager (Male) |
| 26:41 | Queue | Villager (Male) |
| 26:45 | Queue | Villager (Male) |
| 26:45 | Queue | Villager (Male) |
| 26:58 | Queue | Steppe Lancer |
| 27:06 | Build | Farm |
| 27:23 | Queue | Steppe Lancer |
| 27:41 | Queue | Steppe Lancer |
| 27:42 | Queue | Camel Scout |
| 28:00 | Queue | Steppe Lancer |
| 28:01 | Queue | Steppe Lancer |
| 28:08 | Queue | Villager (Male) |
| 28:08 | Queue | Villager (Male) |
| 28:26 | Queue | Steppe Lancer |
| 28:38 | Queue | Villager (Male) |
| 28:42 | Build | House |
| 28:43 | Build | House |
| 28:43 | Build | House |
Build order — Quando
139 actions detected in the replay
| 0:18 | Build | Town Center |
| 2:42 | Queue | Villager (Male) |
| 2:42 | Queue | Villager (Male) |
| 2:43 | Queue | Villager (Male) |
| 2:46 | Build | House |
| 3:13 | Queue | Villager (Male) |
| 3:13 | Queue | Villager (Male) |
| 4:23 | Queue | Villager (Male) |
| 4:24 | Queue | Villager (Male) |
| 4:45 | Queue | Villager (Male) |
| 4:51 | Build | House |
| 5:36 | Queue | Villager (Male) |
| 5:49 | Queue | Villager (Male) |
| 6:03 | Queue | Villager (Male) |
| 6:49 | Build | Settlement |
| 6:53 | Queue | Villager (Male) |
| 6:55 | Queue | Villager (Male) |
| 7:00 | Build | Settlement |
| 7:11 | Build | House |
| 7:33 | Queue | Villager (Male) |
| 7:38 | Queue | Villager (Male) |
| 8:37 | Queue | Villager (Male) |
| 8:49 | Build | Palisade Wall |
| 8:59 | Queue | Villager (Male) |
| 9:19 | Queue | Villager (Male) |
| 9:39 | Queue | Villager (Male) |
| 10:18 | Queue | Villager (Male) |
| 10:29 | Research | Loom |
| 10:43 | Build | House |
| 10:56 | Research | Feudal Age |
| 12:53 | Queue | Villager (Male) |
| 12:53 | Queue | Villager (Male) |
| 13:18 | Age | Feudal Age |
| 13:25 | Build | Blacksmith |
| 13:29 | Build | Market |
| 14:20 | Research | Castle Age |
| 14:34 | Build | House |
| 14:35 | Build | Palisade Wall |
| 14:36 | Build | Palisade Wall |
| 14:37 | Build | Palisade Wall |
| 14:39 | Build | Palisade Wall |
| 14:59 | Build | Barracks |
| 15:02 | Build | Palisade Wall |
| 15:20 | Build | Palisade Wall |
| 15:34 | Queue | Villager (Male) |
| 15:42 | Build | Palisade Wall |
| 15:44 | Build | Palisade Wall |
| 15:50 | Build | Palisade Wall |
| 16:00 | Build | Archery Range |
| 16:08 | Queue | Spearman |
| 16:16 | Research | Fletching |
| 16:38 | Queue | Archer |
| 16:38 | Queue | Archer |
| 16:51 | Queue | Spearman |
| 17:00 | Age | Castle Age |
| 17:01 | Queue | Archer |
| 17:05 | Queue | Villager (Male) |
| 17:27 | Build | Archery Range |
| 17:42 | Build | House |
| 17:53 | Queue | Villager (Male) |
| 18:04 | Queue | Archer |
| 18:10 | Queue | Archer |
| 18:11 | Queue | Villager (Male) |
| 18:41 | Queue | Archer |
| 18:41 | Queue | Archer |
| 18:42 | Queue | Villager (Male) |
| 18:51 | Build | Farm |
| 18:53 | Build | Farm |
| 19:06 | Build | Farm |
| 19:12 | Queue | Archer |
| 19:12 | Queue | Archer |
| 19:15 | Build | Farm |
| 19:21 | Build | House |
| 19:22 | Build | House |
| 19:49 | Queue | Villager (Male) |
| 20:13 | Queue | Villager (Male) |
| 20:14 | Queue | Archer |
| 20:16 | Queue | Archer |
| 20:32 | Build | Farm |
| 20:32 | Build | Farm |
| 20:46 | Queue | Villager (Male) |
| 21:22 | Queue | Villager (Male) |
| 21:24 | Queue | Archer |
| 21:24 | Queue | Archer |
| 21:26 | Queue | Villager (Male) |
| 21:28 | Build | Farm |
| 21:29 | Build | Farm |
| 21:33 | Queue | Spearman |
| 21:44 | Queue | Villager (Male) |
| 22:38 | Build | Siege Workshop |
| 22:47 | Queue | Villager (Male) |
| 22:47 | Queue | Villager (Male) |
| 23:04 | Build | Settlement |
| 23:12 | Research | Crossbowman (upgrade) |
| 23:14 | Queue | Villager (Male) |
| 23:18 | Build | House |
| 23:38 | Build | Farm |
| 23:41 | Queue | Villager (Male) |
| 24:03 | Queue | Villager (Male) |
| 24:05 | Queue | Archer |
| 24:05 | Queue | Archer |
| 24:23 | Queue | Villager (Male) |
| 24:39 | Queue | Villager (Male) |
| 24:51 | Queue | Mangonel |
| 24:54 | Queue | Archer |
| 24:54 | Queue | Archer |
| 25:24 | Queue | Archer |
| 25:24 | Queue | Archer |
| 25:32 | Research | Bodkin Arrow |
| 25:35 | Queue | Villager (Male) |
| 25:36 | Queue | Villager (Male) |
| 25:46 | Queue | Archer |
| 25:47 | Queue | Archer |
| 25:48 | Queue | Villager (Male) |
| 25:48 | Queue | Villager (Male) |
| 25:56 | Queue | Archer |
| 25:56 | Queue | Archer |
| 25:59 | Queue | Mangonel |
| 26:02 | Queue | Archer |
| 26:03 | Queue | Archer |
| 26:22 | Build | House |
| 26:23 | Build | House |
| 26:24 | Build | House |
| 26:25 | Build | House |
| 26:35 | Queue | Archer |
| 26:36 | Queue | Archer |
| 26:56 | Research | Wheelbarrow |
| 27:02 | Queue | Archer |
| 27:02 | Queue | Archer |
| 27:12 | Queue | Mangonel |
| 27:37 | Queue | Archer |
| 27:37 | Queue | Archer |
| 27:54 | Queue | Unit 2582 |
| 27:54 | Queue | Unit 2582 |
| 28:07 | Queue | Archer |
| 28:08 | Queue | Archer |
| 28:12 | Queue | Villager (Male) |
| 28:13 | Queue | Villager (Male) |
| 28:13 | Queue | Villager (Male) |
Build order — facuescudero2375
First 150 of 153 actions detected
| 0:36 | Build | Town Center |
| 2:53 | Build | House |
| 2:54 | Build | House |
| 2:56 | Queue | Villager (Male) |
| 2:56 | Queue | Villager (Male) |
| 2:56 | Queue | Villager (Male) |
| 2:56 | Queue | Villager (Male) |
| 4:10 | Queue | Villager (Male) |
| 4:10 | Queue | Villager (Male) |
| 4:47 | Queue | Villager (Male) |
| 4:47 | Queue | Villager (Male) |
| 5:16 | Queue | Villager (Male) |
| 5:16 | Queue | Villager (Male) |
| 5:44 | Research | Loom |
| 5:52 | Build | Settlement |
| 6:00 | Queue | Villager (Male) |
| 6:00 | Queue | Villager (Male) |
| 6:23 | Queue | Villager (Male) |
| 6:23 | Queue | Villager (Male) |
| 6:54 | Queue | Villager (Male) |
| 6:54 | Queue | Villager (Male) |
| 6:54 | Queue | Villager (Male) |
| 7:34 | Queue | Villager (Male) |
| 7:34 | Queue | Villager (Male) |
| 7:55 | Queue | Villager (Male) |
| 7:56 | Queue | Villager (Male) |
| 8:15 | Build | Barracks |
| 8:38 | Queue | Villager (Male) |
| 8:39 | Queue | Villager (Male) |
| 8:39 | Queue | Villager (Male) |
| 8:39 | Queue | Villager (Male) |
| 8:40 | Queue | Villager (Male) |
| 8:56 | Build | Palisade Wall |
| 9:01 | Build | Palisade Gate |
| 10:31 | Build | Barracks |
| 11:12 | Build | Palisade Wall |
| 11:33 | Research | Feudal Age |
| 11:34 | Research | Feudal Age |
| 11:55 | Queue | Unit 2550 |
| 11:56 | Queue | Unit 2550 |
| 12:25 | Queue | Unit 2550 |
| 12:25 | Queue | Unit 2550 |
| 12:46 | Queue | Unit 2550 |
| 12:46 | Queue | Unit 2550 |
| 12:47 | Queue | Unit 2550 |
| 12:59 | Build | Palisade Wall |
| 13:02 | Build | Palisade Gate |
| 13:31 | Queue | Unit 2550 |
| 13:31 | Queue | Unit 2550 |
| 13:31 | Queue | Unit 2550 |
| 13:31 | Queue | Unit 2550 |
| 13:43 | Age | Feudal Age |
| 13:49 | Build | Farm |
| 14:03 | Research | Tech 1402 |
| 14:04 | Research | Tech 1402 |
| 14:04 | Research | Tech 1402 |
| 14:36 | Build | Farm |
| 14:39 | Build | Farm |
| 14:42 | Build | Farm |
| 14:43 | Queue | Villager (Male) |
| 14:46 | Build | Farm |
| 14:48 | Build | Farm |
| 14:50 | Queue | Unit 2550 |
| 14:51 | Queue | Unit 2550 |
| 15:37 | Research | Arson |
| 15:37 | Research | Arson |
| 15:37 | Research | Arson |
| 15:38 | Queue | Unit 2550 |
| 15:38 | Queue | Unit 2550 |
| 15:46 | Build | Farm |
| 16:17 | Queue | Villager (Male) |
| 16:19 | Queue | Unit 2550 |
| 16:19 | Queue | Unit 2550 |
| 16:24 | Build | Blacksmith |
| 16:29 | Build | Market |
| 16:35 | Queue | Unit 2550 |
| 16:35 | Queue | Unit 2550 |
| 16:36 | Queue | Unit 2550 |
| 16:36 | Queue | Unit 2550 |
| 16:49 | Queue | Villager (Male) |
| 16:53 | Build | Farm |
| 16:56 | Build | Farm |
| 16:59 | Queue | Unit 2550 |
| 16:59 | Queue | Unit 2550 |
| 17:27 | Queue | Villager (Male) |
| 17:39 | Build | Farm |
| 17:41 | Build | Farm |
| 17:52 | Build | House |
| 17:53 | Build | House |
| 17:57 | Research | Forging |
| 17:57 | Research | Forging |
| 18:32 | Queue | Villager (Male) |
| 18:36 | Research | Horse Collar |
| 18:36 | Research | Horse Collar |
| 18:36 | Research | Horse Collar |
| 19:09 | Research | Scale Mail Armor |
| 19:37 | Research | Double-Bit Axe |
| 19:37 | Research | Double-Bit Axe |
| 20:17 | Research | Wheelbarrow |
| 20:17 | Research | Wheelbarrow |
| 21:03 | Queue | Villager (Male) |
| 22:06 | Research | Castle Age |
| 22:07 | Research | Castle Age |
| 22:13 | Queue | Unit 2550 |
| 22:13 | Queue | Unit 2550 |
| 22:37 | Queue | Unit 2550 |
| 22:38 | Queue | Unit 2550 |
| 22:38 | Queue | Unit 2550 |
| 22:38 | Queue | Unit 2550 |
| 22:53 | Queue | Villager (Male) |
| 22:56 | Queue | Unit 2550 |
| 22:56 | Queue | Unit 2550 |
| 23:54 | Queue | Unit 2550 |
| 23:58 | Queue | Unit 2550 |
| 24:10 | Build | Barracks |
| 24:15 | Queue | Unit 2550 |
| 24:17 | Queue | Unit 2550 |
| 24:46 | Age | Castle Age |
| 24:51 | Research | Tech 1351 |
| 24:52 | Research | Tech 1351 |
| 25:16 | Queue | Unit 2550 |
| 25:16 | Queue | Unit 2550 |
| 25:16 | Queue | Unit 2550 |
| 25:16 | Queue | Unit 2550 |
| 25:17 | Queue | Unit 2550 |
| 25:18 | Queue | Villager (Male) |
| 25:28 | Queue | Unit 2550 |
| 25:28 | Queue | Unit 2550 |
| 25:29 | Queue | Unit 2550 |
| 25:29 | Queue | Unit 2550 |
| 25:57 | Research | Chain Mail Armor |
| 25:57 | Research | Chain Mail Armor |
| 26:02 | Queue | Unit 2550 |
| 26:23 | Queue | Villager (Male) |
| 26:26 | Queue | Unit 2550 |
| 26:26 | Queue | Unit 2550 |
| 27:25 | Queue | Unit 2550 |
| 27:25 | Queue | Unit 2550 |
| 27:25 | Queue | Unit 2550 |
| 27:25 | Queue | Unit 2550 |
| 27:26 | Queue | Unit 2550 |
| 27:26 | Queue | Unit 2550 |
| 27:51 | Build | Settlement |
| 28:00 | Queue | Unit 2550 |
| 28:00 | Queue | Unit 2550 |
| 28:00 | Queue | Unit 2550 |
| 28:00 | Queue | Unit 2550 |
| 28:25 | Queue | Villager (Male) |
| 28:30 | Build | Farm |
| 28:33 | Build | Farm |
Match timeline
| 8:15 | facuescudero2375 · first_building Barracks |
| 8:49 | Quando · wall_segment Palisade Wall x1 |
| 8:56 | facuescudero2375 · wall_segment Palisade Wall x8 |
| 9:43 | K-1000 · first_building Barracks |
| 10:10 | Fr4ggi · first_building Barracks |
| 10:21 | Predator · first_building Barracks |
| 11:12 | facuescudero2375 · wall_segment Palisade Wall x7 |
| 11:17 | PJtheDcoy · first_building Barracks |
| 11:24 | PJtheDcoy · wall_segment Palisade Wall x1 |
| 11:48 | K-1000 · wall_segment Palisade Wall x5 |
| 11:49 | K-1000 · wall_segment Palisade Wall x1 |
| 11:52 | K-1000 · wall_segment Palisade Wall x6 |
| 12:59 | facuescudero2375 · wall_segment Palisade Wall x20 |
| 13:07 | K-1000 · wall_segment Palisade Wall x13 |
| 13:11 | K-1000 · wall_segment Palisade Wall x1 |
| 13:11 | K-1000 · wall_segment Palisade Wall x1 |
| 13:13 | K-1000 · wall_segment Palisade Wall x5 |
| 13:18 | Quando · age_up feudal |
| 13:35 | K-1000 · age_up feudal |
| 13:38 | K-1000 · first_building Stable |
| 13:43 | facuescudero2375 · age_up feudal |
| 13:52 | PJtheDcoy · age_up feudal |
| 14:04 | PJtheDcoy · first_building Archery Range |
| 14:08 | Predator · age_up feudal |
| 14:35 | Fr4ggi · age_up feudal |
| 14:35 | Quando · wall_segment Palisade Wall x1 |
| 14:36 | Quando · wall_segment Palisade Wall x1 |
| 14:37 | Quando · wall_segment Palisade Wall x1 |
| 14:39 | Quando · wall_segment Palisade Wall x1 |
| 14:59 | Quando · first_building Barracks |
| 15:02 | Quando · wall_segment Palisade Wall x1 |
| 15:20 | Quando · wall_segment Palisade Wall x3 |
| 15:27 | K-1000 · wall_segment Palisade Wall x8 |
| 15:36 | Fr4ggi · first_building Stable |
| 15:42 | Quando · wall_segment Palisade Wall x1 |
| 15:44 | Quando · wall_segment Palisade Wall x1 |
| 15:50 | Quando · wall_segment Palisade Wall x1 |
| 16:00 | Quando · first_building Archery Range |
| 16:28 | Predator · wall_segment Palisade Wall x3 |
| 17:00 | Quando · age_up castle |
| 18:50 | Predator · first_market_buy 100 food |
| 19:51 | Predator · first_building Stable |
| 20:54 | facuescudero2375 · first_market_buy 100 food |
| 21:14 | Fr4ggi · age_up castle |
| 21:31 | Fr4ggi · first_building Siege Workshop |
| 21:49 | Predator · age_up castle |
| 21:49 | facuescudero2375 · first_market_sell 100 wood |
| 22:38 | Quando · first_building Siege Workshop |
| 24:36 | Predator · first_market_sell 100 wood |
| 24:46 | facuescudero2375 · age_up castle |
| 25:58 | Quando · first_market_sell 100 stone |
| 28:11 | PJtheDcoy · first_building Stable |
| 28:35 | Fr4ggi · resign |
[ AI ANALYSIS · 1 CREDIT ]
What really happened in this match?
Wolo.gg analyzes every decision: build order, eco, micro, common mistakes by bracket. Personalized analysis on WhatsApp or Discord in 30 seconds.
Civ guide
Persians
Perfil
Jugador #6051949